cohdb
Replays
Latest Replays
All Replays
Popular Replays
Top Player Replays
Match Explorer
How It Works
Community
CoH3 Stats
Reddit
Sign in to upload your games and track your stats! →
Sign in with Steam
Match 43546447
Unlisted
Match 43546447
Overview
Messages
Build Orders
End
Royal Engineer Section
Construct Section Command Post
Infantry Section
Infantry Section
Grenade Package
Dingo Light Scout Car
Construct Platoon Command Post
Vickers Machine Gun Team
Construct Field Infirmary
6-pounder Anti-tank Gun Team
Selects Air and Sea Battlegroup
Selects Commando Section Paradrop
Selects Supply Surplus
Commando Section Paradrop
Construct Company Command Post
Crusader II Medium Tank
Commando Section Paradrop
Crusader II Medium Tank
Selects UNKNOWN (223837)
Selects Commando Support Section Paradrop
Construct Resource Cache
Construct Resource Cache
BUBBA_ACTUAL
JollyRedRockett
General of the Felix Legions
C. Troy
0
0
Comments
sign in to comment!
No comments posted yet!